 Dungeon Crawl Stone Soup version 0.22-a0-455-ga0624bf (webtiles) character file.

19 KristoblXynda the Slasher (level 2, -1/26 HPs)
             Began as a Naga Gladiator on June 5, 2018.
             Slain by a hobgoblin
             ... wielding a +0 club
              (3 damage)
             ... on level 2 of the Dungeon.
             The game lasted 00:01:30 (930 turns).

KristoblXynda the Slasher (Naga Gladiator)           Turns: 930, Time: 00:01:31

Health: -1/26      AC:  3    Str: 16    XL:     2   Next: 75%
Magic:  2/2        EV: 10    Int:  8    God:
Gold:   89         SH:  0    Dex: 12    Spells: 1/1 levels left

rFire    . . .     SeeInvis +   a - +0 long sword
rCold    . . .     Gourm    .   (no shield)
rNeg     + . .     Faith    .   b - +0 leather armour
rPois    +         Spirit   .   c - +0 helmet
rElec    .         Reflect  .   (no cloak)
rCorr    .         Harm     .   (no gloves)
MR       .....                  (no barding)
Stlth    +.........             (no amulet)
HPRegen  0.08/turn              e - ring of positive energy
MPRegen  0.08/turn              (no ring)

@: very slow
A: large, see invisible, deformed body, poison resistance, slowness 2, slow
metabolism 1, spit poison 1, AC +0
a: Spit Poison


You were on level 2 of the Dungeon.
You were not hungry.

You visited 1 branch of the dungeon, and saw 2 of its levels.

You collected 89 gold pieces.

Inventory:

Hand Weapons
 a - a +0 long sword (weapon)
Missiles
 d - 3 throwing nets (quivered)
Armour
 b - a +0 leather armour (worn)
 c - a +0 helmet (worn)
Jewellery
 e - a ring of positive energy (left hand)
Scrolls
 g - a scroll of identify {unknown}
 h - a scroll of remove curse {unknown}
 i - a scroll of enchant armour {unknown}
Potions
 j - a potion of agility {unknown}
 l - a potion of mutation {unknown}
Comestibles
 f - 2 rations


   Skills:
 - Level 2.0 Fighting
 * Level 3.4 Long Blades
 - Level 2.0 Throwing
 + Level 0.5 Armour
 + Level 2.6 Dodging


You had one spell level left.
You didn't know any spells.
Your spell library was empty.

Dungeon Overview and Level Annotations

Branches:
Dungeon (2/15)

Altars:

Annotations:
D:2 Robin


Innate Abilities, Weirdness & Mutations

You cannot wear boots.
Your serpentine skin is tough. (AC +0)
You have supernaturally acute eyesight. (SInv)
Armour fits poorly on your strangely shaped body.
Your system is resistant to poisons. (rPois)
You cover ground very slowly.
You have a slow metabolism.
You can spit poison.


Message History

You are too injured to fight recklessly!
Unknown command.
You can't do that yet.
You have got your breath back.
The bat hits you but does no damage. The adder barely misses you.
You riposte.
You closely miss the adder. The adder bites you but does no damage.
The hobgoblin hits you but does no damage.
Unknown command.
Press: ? - help, Shift-Dir - straight line, f/p - bat
Aim: a bat You fail to use your ability.
The bat hits you. The adder bites you. x2
* * * LOW HITPOINT WARNING * * *
Unknown command.
You hit the adder.
The adder is heavily wounded.
The hobgoblin hits you with a club.
* * * LOW HITPOINT WARNING * * *
The bat barely misses you. The adder bites you but does no damage.
The hobgoblin hits you with a club.
You die...

.......... ........ .
.<....% ... ..... ....
## ..... #...##...# #.
.... ##........#
.#...######.Sr......#
............g@.....#
####....######..b.....#
......# ###......#
####.###########.....##
.....................#
################.....#
#.....# #.....# ##.####


You could see an adder, a hobgoblin, a bat and a rat.

Vanquished Creatures
  3 bats
  A giant cockroach (D:1)
  6 goblins
  A hobgoblin (D:1)
  A ball python (D:1)
  5 kobolds
17 creatures vanquished.

Notes
Turn   | Place    | Note
-------+----------+-------------------------------------------
     0 | D:1      | KristoblXynda the Naga Gladiator began the quest for the Orb.
     0 | D:1      | Reached XP level 1. HP: 19/19 MP: 1/1
    13 | D:1      | Noticed a lindwurm
    13 | D:1      | Noticed a rime drake
    13 | D:1      | Noticed a water moccasin
    13 | D:1      | Noticed a polar bear
    13 | D:1      | Noticed a hound
   321 | D:1      | Reached XP level 2. HP: 26/26 MP: 2/2
   805 | D:2      | Noticed Robin
   930 | D:2      | Slain by a hobgoblin

Vault maps used:
D:1:      onia_arrival_zoo_common
D:2:      minmay_kobold_bridge, first_ration, uniq_robin

Skill      XL: |  1 |
---------------+----+-----
Throwing       | 2 |  2.0
Fighting       | |  2.0
Long Blades    | |  3.4
Armour         | |  0.5
Dodging        | |  2.6

Action                   || total
-------------------------++-------
Melee: Long sword        ||    44
 Abil: Spit Poison       ||     1
Armor: Leather armour    ||    25
Dodge: Dodged            ||    26
       Rpst.: Long sword ||     9

Table legend:
 A = Spawn XP
 B = Non-spawn XP
 C = Spawn XP percentage of total XP
 D = Spawn monster count
 E = Non-spawn monster count
 F = Spawn count percentage of total count
 G = Total turns spent on level
                    A         B        C        D         E        F      G
               +---------+---------+-------+---------+---------+-------+---------
         Total |       0 |      28 |   0.0 |       0 |      17 |   0.0 |   930
               +---------+---------+-------+---------+---------+-------+---------
           D:1 |       0 |      21 |   0.0 |       0 |      12 |   0.0 |   815
           D:2 |       0 |       7 |   0.0 |       0 |       5 |   0.0 |   115
               +---------+---------+-------+---------+---------+-------+---------
